 Dungeon Crawl Stone Soup version 0.26-a0-668-gd58323b419 (webtiles) character file.

Game seed: 3595928796903061940

475455 strifetoe the Warrior (level 23, -6/216 HPs)
             Began as a Palentonga Hedge Wizard on Oct 17, 2020.
             Was a High Priest of Okawaru.
             Killed from afar by a deep elf annihilator (43 damage)
             ... with a crystal spear
             ... on level 3 of the Depths on Oct 18, 2020.
             The game lasted 04:34:10 (93674 turns).

strifetoe the Warrior (Palentonga Hedge Wizard)    Turns: 93674, Time: 04:34:11

Health: -6/216     AC: 33    Str: 23    XL:     23   Next: 61%
Magic:  24/41      EV: 22    Int: 22    God:    Okawaru [*****.]
Gold:   2778       SH: 10    Dex: 19    Spells: 11/51 levels left

rFire    + . .     SeeInvis +   a - +9 demon trident (elec)
rCold    + . .     Faith    .   P - +3 buckler {reflect}
rNeg     + + +     Spirit   .   l - +2 leather armour of the Moon {rPois Int+4 Dex+6}
rPois    +         Reflect  +   C - +0 helmet "Cuompol" {rC+ Dex+3}
rElec    .         Harm     .   N - +2 cloak {MR+}
rCorr    .         Rampage  .   d - +2 pair of gloves {Str+3}
MR       +++++     Clarity  +   g - +4 barding {rF+}
Stlth    +++.......             y - amulet of the Four Winds {rN+ MR+++ Clar}
HPRegen  0.46/turn              p - ring "Sephedymar" {Wiz rN++}
MPRegen  0.27/turn              V - +4 ring of protection

@: death channel, heroism, studying Armour
A: large, rugged brown scales 3, see invisible, deformed body, roll, armoured
tail
}: 2/15 runes: barnacled, gossamer
a: Rolling Charge, Heroism, Finesse, Renounce Religion


You were on level 3 of the Depths.
You worshipped Okawaru.
Okawaru was extremely pleased with you.
You visited 9 branches of the dungeon, and saw 42 of its levels.
You visited the Abyss 2 times.
You also visited: Ossuary, Bailey, Ice Cave and Desolation.

You collected 9489 gold pieces.
You spent 6711 gold pieces at shops.

Inventory:

Hand Weapons
 a - a +9 demon trident of electrocution (weapon)
 b - the +6 fustibalus of Honour {freeze, rC+}
   (You found it on level 2 of the Elven Halls)

   It causes projectiles fired from it to freeze those they strike, causing
   extra injury to most foes and up to half again as much damage against
   particularly susceptible opponents.
   They can also slow down cold-blooded creatures.
   It protects you from cold.
Missiles
 s - 684 sling bullets
Armour
 d - a +2 pair of gloves of strength (worn)
 g - a +4 barding of fire resistance (worn)
 l - the +2 leather armour of the Moon (worn) {rPois Int+4 Dex+6}
   (You took it off a wight on level 8 of the Dungeon)

   It affects your intelligence (+4).
   It affects your dexterity (+6).
   It protects you from poison.
 x - a +1 barding of cold resistance
 B - the +2 helmet "Emivvoeg" {Str+4}
   (You bought it in a shop on level 2 of the Orcish Mines)

   It affects your strength (+4).
 C - the +0 helmet "Cuompol" (worn) {rC+ Dex+3}
   (You found it on level 4 of the Vaults)

   It affects your dexterity (+3).
   It protects you from cold.
 L - +0 gold dragon scales
 N - a +2 cloak of magic resistance (worn)
 P - a +3 buckler of reflection (worn)
Jewellery
 f - an uncursed ring of protection from fire
 p - the ring "Sephedymar" (left hand) {Wiz rN++}
   (You found it in the Desolation of Salt)

   [ring of wizardry]

   It improves your spell success rate.
   It greatly protects you from negative energy.
 t - an uncursed amulet of regeneration
 w - an uncursed ring of protection from fire
 y - the amulet of the Four Winds (around neck) {rN+ MR+++ Clar}
   (You found it on level 2 of the Vaults)

   [amulet of nothing]

   It protects you from negative energy.
   It affects your resistance to hostile enchantments.
   It protects you against confusion.
 H - an uncursed ring of protection from magic
 S - the cursed ring "Voomor" {+Inv MR+ Int-4 Dex+3}
   (You took it off a deep elf death mage on level 3 of the Elven Halls)

   [ring of intelligence]

   It affects your intelligence (-4).
   It affects your dexterity (+3).
   It affects your resistance to hostile enchantments.
   It lets you turn invisible.
   It has a curse placed upon it.
 V - a +4 ring of protection (right hand)
Wands
 j - a wand of digging (10)
 A - a wand of acid (8)
 X - a wand of iceblast (6)
Scrolls
 i - 6 scrolls of teleportation
 k - 4 scrolls of summoning
 D - 23 scrolls of remove curse
 G - 9 scrolls of identify
 J - 2 scrolls of fog
 K - a scroll of fear
 M - 10 scrolls of magic mapping
 Q - a scroll of blinking
 Y - a scroll of enchant armour
Potions
 e - 3 potions of heal wounds
 h - 2 potions of berserk rage
 n - 10 potions of curing
 o - 4 potions of resistance
 q - 4 potions of magic
 r - 6 potions of cancellation
 z - 8 potions of haste
 F - 6 potions of might
 I - 4 potions of mutation
 R - 3 potions of invisibility
 T - 2 potions of flight
 W - 9 potions of brilliance
Books
 Z - a manual of Armour
Miscellaneous
 c - a condenser vane (inert)
 u - a phial of floods


   Skills:
 - Level 16.1(21.1) Fighting
   Level 8.0(13.7) Short Blades
   Level 5.0(12.2) Long Blades
 - Level 12.7(17.7) Polearms
 - Level 10.1(15.1) Slings
 + Level 13.5(18.5) Armour
 - Level 13.0(18.0) Dodging
 - Level 1.2(6.2) Stealth
 - Level 4.6(9.6) Shields
 - Level 3.0(8.0) Unarmed Combat
 - Level 14.6 Spellcasting
 - Level 8.0 Conjurations
   Level 0.7 Summonings
 - Level 9.0 Necromancy
 - Level 1.0 Translocations
 - Level 15.0 Fire Magic
   Level 7.9 Ice Magic
 - Level 3.6 Air Magic
 - Level 8.1 Earth Magic
 - Level 3.7 Poison Magic
 - Level 7.7 Invocations


You had 11 spell levels left.
You knew the following spells:

 Your Spells              Type           Power        Failure   Level
a - Magic Dart            Conj           ####         1%          1
b - Mephitic Cloud        Conj/Pois/Air  #####...     1%          3
c - Conjure Flame         Conj/Fire      ######..     1%          3
d - Borgnjor's Vile Clut  Necr/Erth      ######....   1%          5
e - Blink                 Tloc           N/A          1%          2
f - Starburst             Conj/Fire      ######....   2%          6
g - Ignition              Fire           ######....   22%         8
h - Animate Dead          Necr           ######....   1%          4
i - Swiftness             Air            ####....     1%          2
j - Death Channel         Necr           ######....   6%          6

Your spell library contained the following spells:

 Spells                   Type           Power        Failure   Level
 Animate Skeleton         Necr           ######       1%          1
 Apportation              Tloc           ###...       1%          1
 Beastly Appendage        Tmut           ###...       1%          1
 Corona                   Hex            ###....      1%          1
 Foxfire                  Conj/Fire      ####         1%          1
 Pain                     Necr           ####         1%          1
 Sandblast                Erth           ######       1%          1
 Sting                    Tmut/Pois      ###.         1%          1
 Summon Small Mammal      Summ           ###.         1%          1
 Call Imp                 Summ           ###.....     1%          2
 Corpse Rot               Necr/Air       N/A          1%          2
 Ensorcelled Hibernation  Hex/Ice        ####..       1%          2
 Passwall                 Tmut/Erth      ####....     1%          2
 Poisonous Vapours        Pois/Air       ####..       1%          2
 Sublimation of Blood     Necr           ######....   1%          2
 Dazzling Flash           Conj/Hex       ####..       1%          3
 Ignite Poison            Fire/Tmut/Pois #####...     1%          3
 Inner Flame              Hex/Fire       #####...     1%          3
 Static Discharge         Conj/Air       #####...     1%          3
 Stone Arrow              Conj/Erth      ######       1%          3
 Vampiric Draining        Necr           ######....   1%          3
 Dispel Undead            Necr           ######..     1%          4
 Sticky Flame             Conj/Fire      ######..     1%          4
 Agony                    Necr           ######..     1%          5
 Bolt of Magma            Conj/Fire/Erth ######....   1%          5
 Excruciating Wounds      Necr           ######....   1%          5
 Fireball                 Conj/Fire      ######....   1%          5
 Iskenderun's Battlesphe  Conj           ######..     1%          5
 Lee's Rapid Deconstruct  Erth           ######....   1%          5
 Slow                     Hex            ###.....     2%          2
 Spider Form              Tmut/Pois      ###.......   2%          3
 Gell's Gravitas          Tloc           ###.......   3%          3
 Leda's Liquefaction      Hex/Erth       ####......   3%          4
 Petrify                  Tmut/Erth      ####....     3%          4
 Confusing Touch          Hex            ###.....     4%          3
 Portal Projectile        Hex/Tloc       ###...       4%          3
 Summon Guardian Golem    Hex/Summ       ###.....     4%          3
 Tukima's Dance           Hex            ###.....     4%          3
 Summon Lightning Spire   Summ/Air       ####....     7%          4
 Simulacrum               Ice/Necr       ######....   8%          6
 Irradiate                Conj/Tmut      ####......   9%          5
 Metabolic Englaciation   Hex/Ice        ####......   9%          5
 Iron Shot                Conj/Erth      ######....   9%          6
 Ozocubu's Refrigeration  Ice            ######....   10%         6
 Passage of Golubria      Tloc           N/A          11%         4
 Cause Fear               Hex            ###.......   16%         4
 Freezing Cloud           Conj/Ice/Air   #####.....   16%         6
 Silence                  Hex/Air        ###.......   21%         5
 Conjure Ball Lightning   Conj/Air       #####.....   22%         6
 Summon Forest            Summ/Tloc      ###.......   30%         5
 Summon Demon             Summ           ###.......   32%         5
 Summon Mana Viper        Hex/Summ       ###.....     34%         5
 Blade Hands              Tmut           ###.......   41%         5
 Yara's Violent Unravell  Hex/Tmut       ###.......   41%         5
 Orb of Destruction       Conj           ######....   43%         7
 Shadow Creatures         Summ           N/A          86%         6
 Spellforged Servitor     Conj/Summ      #####.....   89%         7
 Invisibility             Hex            ###.....     91%         6
 Summon Hydra             Summ           ###.......   100%        7
 Discord                  Hex            ###.......   100%        8
 Shatter                  Erth           ######....   100%        9


Dungeon Overview and Level Annotations

Branches:
Dungeon (15/15)            Temple (1/1) D:5            Lair (6/6) D:11
 Shoals (4/4) Lair:4       Spider (4/4) Lair:3        Slime (0/5) Lair:5
    Orc (2/2) D:11            Elf (3/3) Orc:2        Vaults (4/5) D:14
  Crypt (0/3) Vaults:2     Depths (3/5) D:15        Ossuary (visited)
 Bailey (visited)           IceCv (visited)         Desolation (visited)

Altars:
Ashenzari
Cheibriados
Dithmenos
Elyvilon
Fedhas
Gozag
Hepliaklqana
Kikubaaqudgha
Makhleb
Nemelex Xobeh
Okawaru
Qazlal
Ru
Sif Muna
Trog
Uskayaw
Vehumet
Wu Jian
Xom
Yredelemnul
Zin
The Shining One
Jiyva

Shops:
D:6 (   D:8 :   Orc:1 [*   Orc:2 (}}[   Elf:1 **   Elf:2 (   Elf:3 *
Shoals:2 (   Shoals:4 =   Depths:2 (

Portals:
Hell: Depths:1 Depths:2
Trove: Vaults:3 (give horn of Geryon)

Annotations:
D:5 exclusion: downstairs
D:6 exclusion: downstairs
D:9 exclusion: downstairs
D:11 exclusion: 2 downstairs
Lair:5 1 runed translucent door, exclusion: 2 downstairs
Shoals:1 exclusion: downstairs
Shoals:3 exclusion: downstairs
Spider:2 3 runed translucent doors, Honosyedgha's ghost, adept GrBe; dickylongcocking's ghost, adept SpVM


Innate Abilities, Weirdness & Mutations

You are completely covered in rugged brown scales. (AC +3, +7% HP)
You have supernaturally acute eyesight. (SInv)
Armour fits poorly on your strangely shaped body.
You can roll at foes to attack.
You have a long armoured tail.


Message History

As you read the scroll of teleportation, it crumbles to dust.
You feel strangely unstable.
Your spectral spark wasp hits the frost giant!
A spray of metal splinters appears from out of your range of vision.
Something hits your spectral stone giant but does no damage.
Something pecks your spectral stone giant but does no damage.
Something claws your spectral stone giant but does no damage.
Your spectral spark wasp hits the frost giant.
Unknown command.
An ettin comes into view. It is wielding two +0 dire flails.
Unknown command.
Your surroundings suddenly seem different.
The tengu conjurer casts a spell.
The tengu conjurer conjures a globe of magical energy!
The vampire mage mumbles some strange words.
The vampire mage flickers and vanishes for a moment.
A deep elf annihilator comes into view.
It is wielding a +0 great mace of holy wrath.
The deep elf annihilator casts a spell at you.
The crystal spear hits you!!!
You die...

#.##### ########
.....#######......+
#.............#
#...Z.###)#####
#.###D###D##
#.#.C(gV).)#
..#.Z..†Qse#
#.##...QC)..######.
C.(....)[*.@(......
##.#####[#####.###..
.. C#$ ..( #. $. G$
.## .#$ $#y . .#$.
.$#. .. .$ $. .# .#
### ### #


You could see an iron dragon, a frost giant, an ice dragon, a stone giant, a
deep elf annihilator, a vampire mage (invisible), 2 tengu conjurers, a redback,
a boggart (invisible), a battlesphere, a friendly spectral stone giant and a
friendly spectral tengu reaver.

Vanquished Creatures
  A juggernaut (Depths:2)
  Margery (Vaults:4)
  A caustic shrike (Depths:3)
  2 golden dragons
  Nikola (Shoals:2)
  Rupert (Lair:3)
  4 liches
  A deep elf blademaster (Elf:3)
  2 deep elf master archers (Elf:3)
  Polyphemus (Shoals:2)
  8 sphinxes
  2 shadow dragons (Depths:2)
  2 tengu reavers
  A storm dragon (Depths:2)
  Kirke (Lair:4)
  Ilsuiw (Shoals:2)
  5 fire giants
  9 emperor scorpions
  9 deep elf sorcerers
  2 imperial myrmidons (Desolation)
  8 frost giants
  4 ghost moths
  Louise (D:14)
  14 vault wardens
  4 deep elf elementalists (Elf:3)
  A ghoul (Vaults:2)
  A caustic shrike zombie (D:15)
  10 ironheart preservers
  19 very ugly things
  15 stone giants
  5 entropy weavers
  2 vampire knights (Depths:2)
  8 spark wasps
  4 deep elf demonologists
  12 deep elf annihilators
  9 ettins
  6 deep elf death magi (Elf:3)
  5 merfolk javelineers
  2 crystal guardians (Desolation)
  5 yaktaur captains
  6 ragged hierophants (Desolation)
  3 merfolk impalers
  6 deep elf high priests (Elf:3)
  Fannar (Lair:1)
  2 servants of whispers (Desolation)
  8 vault guards
  10 fire dragons
  4 boulder beetles
  4 rakshasas
  6 great orbs of eyes
  4 ice dragons
  6 peacekeepers (Desolation)
  16 hydras
  4 spriggan air magi
  3 catoblepae
  4 death knights
  9 ogre magi
  An alligator snapping turtle (Shoals:4)
  5 merfolk aquamancers
  4 merfolk avatars
  22 two-headed ogres
  12 centaur warriors
  15 dancing weapons
  A deep troll shaman (Vaults:3)
  6 satyrs
  6 death yaks
  A hell hog (Abyss:3)
  4 tengu warriors
  3 spriggan berserkers
  A titan zombie (Depths:2)
  Urug (Lair:3)
  5 deep troll earth magi
  2 vampire magi
  4 orc high priests
  A queen ant (Spider:3)
  15 deep elf knights
  3 shadow wraiths
  15 skeletal warriors
  6 hell knights (Vaults:4)
  A wretched star (Abyss:3)
  20 deep trolls
  A spatial maelstrom (Abyss:3)
  10 sea snakes
  2 storm dragon skeletons
  3 glowing orange brains
  A deep troll (shapeshifter) (Depths:2)
  A flayed ghost (Vaults:4)
  8 unseen horrors
  A sixfirhy (Abyss:3)
  Pikel (D:5)
  17 ironbrand convokers
  3 wizards
  13 deep elf archers
  An orb spider (shapeshifter) (Depths:1)
  A lindwurm (Lair:6)
  7 necromancers
  5 phantasmal warriors
  2 golden dragon skeletons (Depths:2)
  19 orc knights
  A sphinx zombie (Vaults:2)
  A frost giant zombie (Depths:1)
  16 manticores
  15 harpies
  22 orb spiders
  11 cyclopes
  51 deep elf magi
  A fire giant zombie (Vaults:2)
  25 wolf spiders
  21 fauns
  A tengu skeleton (Depths:2)
  69 ugly things
  A faun (shapeshifter) (Depths:1)
  7 orc sorcerers
  A frost giant skeleton (Vaults:2)
  2 stone giant zombies
  17 elephants
  2 moths of wrath
  A stone giant skeleton (Vaults:2)
  A guardian serpent (shapeshifter) (Vaults:1)
  8 water nymphs
  23 vault sentinels
  An elephant (shapeshifter) (Vaults:4)
  Maurice (D:13)
  7 black mambas
  4 smoke demons (Abyss:3)
  7 merfolk sirens
  3 gargoyles
  3 guardian serpents (Desolation)
  2 fire giant skeletons (Vaults:2)
  A cane toad (shapeshifter) (Vaults:3)
  3 ice statues (IceCv)
  A torpor snail (Spider:1)
  2 molten gargoyles
  20 cane toads
  A kobold demonologist (D:15)
  18 komodo dragons
  An orange demon (Abyss:3)
  34 yaktaurs
  2 rime drakes
  15 demonic crawlers
  10 freezing wraiths
  A guardian mummy (D:15)
  4 ice devils (IceCv)
  3 tengu conjurers
  An ancient zyme (Abyss:3)
  A queen bee (shapeshifter) (Elf:1)
  A yaktaur skeleton (Vaults:2)
  27 jumping spiders
  25 merfolk
  9 wind drakes
  6 trolls
  Prince Ribbit (D:9)
  3 meliai
  A harpy skeleton (D:15)
  43 saltlings (Desolation)
  12 hornets
  15 slime creatures
  12 snapping turtles
  A raiju (Abyss:3)
  6 dream sheep (Lair:5)
  10 blink frogs
  An ettin zombie (D:15)
  A spriggan zombie (Depths:2)
  10 water elementals
  44 yaks
  An air elemental (Elf:1)
  A ynoxinul (Abyss:3)
  55 redbacks
  29 tarantellas
  4 basilisks
  5 wraiths
  2 vampires
  A yak (shapeshifter) (Vaults:3)
  4 wyverns
  5 fire bats (Abyss:3)
  A shadow (D:11)
  3 fire elementals
  A steam dragon (Lair:6)
  2 neqoxecs (Abyss:3)
  A chaos spawn (Abyss:3)
  Menkaure (D:7)
  5 wargs
  4 large abominations (Abyss:3)
  19 soldier ants
  17 water moccasins
  6 hell hounds
  4 acid dragons
  3 sky beasts (D:12)
  A floating eye (Depths:3)
  41 orc warriors
  3 ice beasts
  A fire dragon simulacrum (Depths:1)
  2 hornet zombies
  3 black bears
  2 necrophages
  A deep troll simulacrum (Depths:1)
  3 boggarts (Depths:1)
  An eye of draining (D:12)
  3 phantoms
  3 wolves (Lair:5)
  28 ogres
  21 centaurs
  A big kobold (D:11)
  An elf skeleton (Vaults:2)
  3 human zombies (Vaults:2)
  28 bullfrogs
  5 small abominations (Abyss:3)
  4 human skeletons (Vaults:2)
  A wyvern zombie (Ossuary)
  3 scorpions
  20 wights
  16 killer bees
  2 electric eels
  5 howler monkeys
  4 lava snakes (Lair:6)
  A quasit (Abyss:3)
  2 bullfrog zombies
  4 centaur zombies
  3 human simulacra
  3 draconian simulacra (IceCv)
  6 jellies
  18 orc priests
  3 bullfrog skeletons
  6 hounds
  Crazy Yiuf (D:5)
  40 orc wizards
  An iron imp (Abyss:3)
  4 centaur skeletons
  An iguana (D:12)
  19 worker ants
  2 troll simulacra (IceCv)
  A spriggan simulacrum (IceCv)
  A killer bee zombie (Ossuary)
  2 centaur simulacra (IceCv)
  2 hound zombies
  3 hound skeletons
  5 mummies (Ossuary)
  2 worker ant zombies
  A howler monkey skeleton (D:7)
  2 howler monkey zombies
  10 adders
  A naga simulacrum (IceCv)
  A river rat (D:4)
  2 ogre simulacra
  3 shadow imps
  15 white imps
  2 ufetubi
  2 oozes
  4 adder zombies
  2 adder skeletons
  4 worms
  2 dart slugs
  5 leopard geckos
  157 orcs
  A ball python (D:3)
  8 bats
  3 giant cockroaches
  8 goblins
  7 hobgoblins
  7 jackals
  3 quokkas
  5 frilled lizards
  A jackal skeleton (D:8)
  A jackal zombie (Ossuary)
  17 kobolds
  2 leopard gecko zombies
  A quokka zombie (Ossuary)
  7 rats
  A bush (Lair:2)
  2 crawling corpses (Elf:3)
2004 creatures vanquished.

Vanquished Creatures (collateral kills)
  A tengu reaver (Depths:3)
  A very ugly thing (Depths:3)
  2 ettins (Depths:3)
  A great orb of eyes (Depths:3)
  A deep troll earth mage (Depths:3)
  A wizard (Depths:3)
  An orb spider (Spider:4)
  2 ugly things (Depths:2)
  A tarantella (Spider:2)
  2 redbacks
  A soldier ant (Spider:3)
  A bullfrog zombie (Ossuary)
  A centaur zombie (Ossuary)
  4 worker ants (Spider:3)
  4 mummies (Ossuary)
  A quokka zombie (Ossuary)
25 creatures vanquished.

Vanquished Creatures (others)
  A deep elf elementalist (Elf:3)
  A peacekeeper (Desolation)
  A wolf spider (Spider:4)
  A jumping spider (Spider:2)
  A redback (Spider:4)
  A tarantella (Spider:4)
  3 humans (Lair:4)
  2 orc wizards
  53 fungi
  A lurking horror (Abyss:3)
  302 plants
  20 withered plants
387 creatures vanquished.

Grand Total: 2416 creatures vanquished

Notes
Turn   | Place    | Note
-------+----------+-------------------------------------------
     0 | D:1      | strifetoe the Palentonga Hedge Wizard began the quest for
                  | the Orb.
     0 | D:1      | Reached XP level 1. HP: 14/14 MP: 4/4
    31 | D:1      | Reached skill level 1 in Conjurations
   557 | D:1      | Reached XP level 2. HP: 9/21 MP: 3/6
  1594 | D:2      | Reached XP level 3. HP: 27/27 MP: 3/7
  1927 | D:2      | Learned a level 3 spell: Mephitic Cloud
  2049 | D:2      | Reached XP level 4. HP: 31/35 MP: 4/8
  2778 | D:3      | Reached skill level 1 in Air Magic
  2778 | D:3      | Reached skill level 1 in Poison Magic
  3395 | D:2      | Reached XP level 5. HP: 32/40 MP: 5/9
  3561 | D:3      | Found a glowing silver altar of Zin.
  3561 | D:3      | Found Zin's Purification Station.
  3569 | D:3      | Bought a potion of curing for 90 gold pieces
  3814 | D:3      | Noticed a +0 hand axe
  3814 | D:3      | Noticed a +0 dagger
  3905 | D:3      | Learned a level 3 spell: Conjure Flame
  3926 | D:3      | Found a hide-covered altar of Uskayaw.
  4414 | D:3      | Learned a level 2 spell: Call Imp
  4494 | D:4      | Noticed an orc warrior
  4524 | D:4      | Found a sand-covered staircase.
  4542 | Ossuary  | Entered an ossuary
  4608 | Ossuary  | Reached skill level 1 in Fighting
  4657 | Ossuary  | Reached skill level 2 in Fighting
  4670 | Ossuary  | Reached XP level 6. HP: 23/52 MP: 4/10
  5165 | Ossuary  | Reached skill level 3 in Fighting
  5259 | Ossuary  | Reached skill level 4 in Fighting
  5452 | Ossuary  | Reached XP level 7. HP: 56/64 MP: 4/11
  5598 | Ossuary  | Reached skill level 5 in Fighting
  5827 | Ossuary  | Reached skill level 1 in Armour
  6185 | D:4      | Found an iron altar of Okawaru.
  7379 | D:5      | Entered Level 5 of the Dungeon
  7553 | D:5      | Found a staircase to the Ecumenical Temple.
  7715 | D:5      | Found a white marble altar of Elyvilon.
  7790 | D:5      | Noticed Pikel
  7813 | D:5      | Killed Pikel
  7813 | D:5      | Reached skill level 5 in Conjurations
  7813 | D:5      | Reached XP level 8. HP: 63/72 MP: 3/12
  8256 | D:5      | Found a runed translucent door.
  8257 | D:5      | Noticed Crazy Yiuf
  8472 | D:5      | Killed Crazy Yiuf
  8664 | Temple   | Entered the Ecumenical Temple
  8968 | D:4      | Became a worshipper of Warmaster Okawaru
  9030 | D:6      | Found a shadowy altar of Dithmenos.
  9030 | D:6      | Found a burning altar of Makhleb.
  9032 | D:6      | Found an opulent altar of Gozag.
  9032 | D:6      | Found a shimmering blue altar of Sif Muna.
  9074 | D:6      | Found Evoadgh's Weapon Shop.
  9435 | D:6      | Noticed a two-headed ogre
  9452 | D:5      | Learned a level 2 spell: Blink
  9457 | D:5      | Learned a level 4 spell: Sticky Flame
  9675 | D:6      | Reached skill level 1 in Fire Magic
  9793 | D:6      | Killed a two-headed ogre
  9793 | D:6      | Reached XP level 9. HP: 78/79 MP: 3/15
 10396 | D:6      | Reached * piety under Okawaru
 10447 | D:6      | Found a sacrificial altar of Ru.
 10831 | D:7      | Found a stormy altar of Qazlal.
 10844 | D:7      | Reached skill level 5 in Fire Magic
 11011 | D:7      | Reached skill level 5 in Spellcasting
 11498 | D:7      | Noticed Menkaure
 11513 | D:7      | Killed Menkaure
 12054 | D:7      | Reached ** piety under Okawaru
 12916 | D:8      | Found a glowing golden altar of the Shining One.
 12930 | D:8      | Noticed a two-headed ogre
 12963 | D:8      | Killed a two-headed ogre
 12963 | D:8      | Reached XP level 10. HP: 50/86 MP: 11/19
 13466 | D:8      | Reached *** piety under Okawaru
 13815 | D:8      | Identified the +2 leather armour of the Moon {rPois Int+4
                  | Dex+6}
 14206 | D:8      | HP: 4/86 [acid (10)]
 14491 | D:8      | Found Uliabla's Book Shop.
 14657 | D:9      | Reached skill level 1 in Unarmed Combat
 14799 | D:9      | Found a blossoming altar of Fedhas.
 14963 | D:9      | Noticed a two-headed ogre
 14974 | D:9      | Killed a two-headed ogre
 15295 | D:9      | Got a crude falchion
 15428 | D:9      | Learned a level 5 spell: Fireball
 15451 | D:9      | Identified the +8 falchion "Qecepaja" {vamp, rC+ Str+3}
                  | (You found it on level 9 of the Dungeon)
 15518 | D:9      | Noticed Prince Ribbit
 15528 | D:9      | Killed Prince Ribbit
 15528 | D:9      | Reached skill level 5 in Dodging
 15613 | D:9      | Reached skill level 1 in Long Blades
 15947 | D:9      | Reached **** piety under Okawaru
 16026 | D:10     | Entered Level 10 of the Dungeon
 16026 | D:10     | Noticed a two-headed ogre
 16191 | D:10     | Received a gift from Okawaru
 16302 | D:10     | Noticed an unseen horror
 16319 | D:10     | Killed an unseen horror
 16319 | D:10     | Reached XP level 11. HP: 94/94 MP: 12/20
 16400 | D:10     | Identified a scroll of acquirement
 16400 | D:10     | Acquired a +1 barding of cold resistance
 16450 | D:10     | Noticed a two-headed ogre
 16477 | D:10     | Killed a two-headed ogre
 16551 | D:10     | Killed a two-headed ogre
 16551 | D:10     | Reached skill level 5 in Long Blades
 16633 | D:10     | Paralysed by a centaur for 5 turns
 16864 | D:11     | Reached ***** piety under Okawaru
 17091 | D:11     | Found a staircase to the Orcish Mines.
 17869 | D:11     | Received a gift from Okawaru
 17904 | D:11     | Found a staircase to the Lair.
 18100 | D:11     | Reached skill level 1 in Invocations
 18420 | D:12     | Noticed a green ugly thing
 18420 | D:12     | Noticed a purple ugly thing
 18420 | D:12     | Noticed a cyan ugly thing
 18525 | D:12     | Noticed a red ugly thing
 18526 | D:12     | Noticed a cyan ugly thing
 18537 | D:12     | Killed a brown ugly thing
 19089 | Lair:1   | Entered Level 1 of the Lair of Beasts
 19089 | Lair:1   | Noticed a five-headed hydra
 19090 | Lair:1   | Noticed a six-headed hydra
 19093 | Lair:1   | Killed a five-headed hydra
 19435 | D:11     | Killed a six-headed hydra
 19641 | D:11     | Found a staircase to the Orcish Mines.
 19706 | D:11     | Killed a red ugly thing
 19706 | D:11     | Reached skill level 6 in Fighting
 19936 | D:11     | Found a staircase to the Lair.
 20074 | Lair:1   | Reached XP level 12. HP: 103/103 MP: 18/21
 20103 | D:11     | Received a gift from Okawaru
 20551 | Lair:1   | Reached skill level 7 in Fighting
 21262 | Lair:1   | Reached skill level 8 in Fighting
 21334 | Lair:1   | Noticed Fannar
 21347 | Lair:1   | Killed Fannar
 21446 | Lair:1   | Reached skill level 5 in Armour
 22002 | Lair:2   | Noticed a six-headed hydra
 22330 | Lair:2   | Got a shadowed robe
 22953 | Lair:2   | Noticed a catoblepas
 22962 | Lair:2   | Killed a catoblepas
 23574 | Lair:2   | Identified the +2 robe "Ytuufuym" {rPois SInv} (You found
                  | it on level 2 of the Lair of Beasts)
 23599 | Lair:3   | Noticed Rupert
 23627 | Lair:3   | Killed Rupert
 23627 | Lair:3   | Reached ****** piety under Okawaru
 23627 | Lair:3   | Received a gift from Okawaru
 24421 | Lair:3   | Found a hole to the Spider Nest.
 24491 | Lair:3   | Noticed Urug
 24505 | Lair:3   | Killed Urug
 24505 | Lair:3   | Reached XP level 13. HP: 89/114 MP: 7/22
 25233 | Lair:4   | Found a frozen archway.
 25251 | Lair:4   | Noticed Kirke
 25252 | IceCv    | Entered an ice cave
 26075 | Lair:4   | Killed Kirke
 26075 | Lair:4   | Received a gift from Okawaru
 26772 | Orc:1    | Entered Level 1 of the Orcish Mines
 27107 | Orc:1    | Found Cucatoroib's Antique Armour Shop.
 27738 | Orc:1    | Found a bloodstained altar of Trog.
 27906 | Orc:1    | You fall into a shaft and drop 1 floor!
 27906 | Orc:2    | Entered Level 2 of the Orcish Mines
 28109 | Orc:1    | Found Kaenenti's General Store.
 28110 | Orc:1    | Noticed an ettin
 28134 | Orc:1    | Killed an ettin
 28139 | Orc:1    | Reached skill level 9 in Fighting
 29361 | Orc:2    | Found a staircase to the Elven Halls.
 29775 | Orc:2    | Reached skill level 10 in Fighting
 30052 | Orc:2    | Found Daux's Gadget Boutique.
 30052 | Orc:2    | Found Vowkum Miyni's Weapon Shoppe.
 30058 | Orc:2    | Found Gewkud Jets's Antique Armour Boutique.
 30058 | Orc:2    | Found Riysesip's Gadget Shoppe.
 30069 | Orc:2    | Reached skill level 11 in Fighting
 30241 | Orc:2    | Bought a faintly glowing helmet for 351 gold pieces
 30251 | Orc:2    | Identified the +2 helmet "Emivvoeg" {Str+4} (You bought it
                  | in a shop on level 2 of the Orcish Mines)
 30487 | Orc:1    | Bought the +4 quick blade of True Grit {pain, *Slow +Blink
                  | rC+} for 1093 gold pieces
 30487 | Orc:1    | Bought a potion of haste for 150 gold pieces
 30654 | Lair:4   | Reached skill level 1 in Short Blades
 30854 | D:8      | Bought a book of Cantrips for 280 gold pieces
 30856 | D:8      | Learned a level 1 spell: Animate Skeleton
 31046 | Lair:4   | Received a gift from Okawaru
 31061 | Lair:4   | Reached skill level 1 in Necromancy
 31780 | Lair:4   | Reached XP level 14. HP: 132/132 MP: 9/23
 31928 | Lair:4   | Found a staircase to the Shoals.
 32799 | Lair:5   | You fall into a shaft and drop 1 floor!
 32799 | Lair:6   | Entered Level 6 of the Lair of Beasts
 32996 | Lair:5   | Found a runed translucent door.
 32996 | Lair:5   | Found a viscous altar of Jiyva.
 32996 | Lair:5   | Found a staircase to the Slime Pits.
 33505 | Lair:5   | Reached skill level 5 in Short Blades
 33757 | Lair:5   | Reached skill level 5 in Necromancy
 34967 | Lair:5   | Received a gift from Okawaru
 35932 | Lair:6   | Found a large runed translucent door.
 35933 | Lair:6   | Found a large runed translucent door.
 36091 | Lair:6   | Got a bloodstained leather armour
 36182 | Lair:6   | Identified the Papyrus of the Wasp
 37971 | D:12     | Reached skill level 5 in Invocations
 38168 | D:12     | Identified the +0 leather armour of Activism {+Inv rF- rN+
                  | Regen+} (You found it on level 6 of the Lair of Beasts)
 38217 | D:13     | Received a gift from Okawaru
 38217 | D:13     | Reached XP level 15. HP: 117/139 MP: 21/24
 38379 | D:13     | Noticed Maurice
 38406 | D:13     | Killed Maurice
 38797 | D:13     | Found a flagged portal.
 38803 | Bailey   | Entered a bailey
 39696 | Bailey   | Acquired 471 gold pieces
 39698 | Bailey   | Acquired 1099 gold pieces
 39817 | D:8      | Upgraded the game from 0.26-a0-667-g92642533e4 to
                  | 0.26-a0-668-gd58323b419
 39817 | D:8      | Bought a book of Necromancy for 420 gold pieces
 39822 | D:8      | Learned a level 4 spell: Animate Dead
 39984 | D:13     | Received a gift from Okawaru
 39998 | D:13     | Got a scorched scimitar {god gift}
 40380 | D:13     | Acquired 1182 gold pieces
 41838 | D:14     | Received a gift from Okawaru
 41839 | D:14     | Found a gate to the Vaults.
 41862 | D:14     | Reached skill level 1 in Shields
 42411 | D:14     | Reached skill level 10 in Armour
 42541 | D:14     | Identified the +8 quarterstaff "Yvab Zuo" {venom, Fragile
                  | +Rage Int+3 Dex+10}
 43314 | D:14     | Noticed Louise
 43364 | D:14     | Killed Louise
 43364 | D:14     | Received a gift from Okawaru
 44081 | D:15     | Entered Level 15 of the Dungeon
 47297 | D:15     | Received a gift from Okawaru
 47580 | D:15     | Reached XP level 16. HP: 147/147 MP: 10/26
 47599 | D:14     | Learned a level 6 spell: Freezing Cloud
 47673 | D:14     | Reached skill level 1 in Ice Magic
 49138 | D:15     | Found a staircase to the Depths.
 49201 | D:15     | Reached skill level 1 in Polearms
 49719 | Elf:1    | Entered Level 1 of the Elven Halls
 50142 | Orc:2    | Found a staircase to the Elven Halls.
 50690 | Elf:1    | Found Ythaed's General Store.
 50717 | Elf:1    | Bought a scroll of identify for 38 gold pieces
 50717 | Elf:1    | Bought a scroll of identify for 38 gold pieces
 50717 | Elf:1    | Identified the +5 scimitar of Ogiesmas {freeze, rPois rC+}
                  | (Okawaru gifted it to you on level 13 of the Dungeon)
 50825 | Elf:1    | Reached skill level 5 in Ice Magic
 51089 | Elf:1    | Found a shimmering blue altar of Sif Muna.
 51436 | Elf:1    | Found Caehonta's General Store.
 51441 | Elf:1    | Bought a +0 pair of gloves of strength for 149 gold pieces
 51441 | Elf:1    | Bought an uncursed amulet of regeneration for 390 gold
                  | pieces
 51983 | Elf:1    | Received a gift from Okawaru
 52065 | Elf:1    | Reached skill level 5 in Polearms
 52159 | Elf:1    | Identified the Grimoire of Blows and Bruises
 52676 | Elf:2    | Got an iridescent fustibalus
 52694 | Elf:2    | Found Iheifadu's Antique Weapon Emporium.
 52734 | Elf:2    | Identified the +6 fustibalus of Honour {freeze, rC+} (You
                  | found it on level 2 of the Elven Halls)
 53252 | Spider:1 | Entered Level 1 of the Spider Nest
 53307 | Lair:3   | Reached skill level 1 in Slings
 54250 | Spider:1 | Received a gift from Okawaru
 55039 | Spider:1 | Reached XP level 17. HP: 137/154 MP: 23/27
 55176 | Spider:1 | Reached skill level 5 in Slings
 56018 | Spider:2 | Found a runed translucent gate.
 56018 | Spider:2 | Found a runed translucent gate.
 56018 | Spider:2 | Found a runed translucent gate.
 56018 | Spider:2 | Noticed Honosyedgha's ghost (adept GrBe)
 56018 | Spider:2 | Noticed dickylongcocking's ghost (adept SpVM)
 57227 | Spider:4 | Entered Level 4 of the Spider Nest
 57248 | Spider:4 | Received a gift from Okawaru
 57377 | Spider:4 | Reached skill level 10 in Slings
 58188 | Spider:3 | Received a gift from Okawaru
 59398 | Orc:2    | Found Daux's Gadget Boutique.
 59398 | Orc:2    | Found Vowkum Miyni's Weapon Shoppe.
 59400 | Orc:2    | Found Gewkud Jets's Antique Armour Boutique.
 59400 | Orc:2    | Found Riysesip's Gadget Shoppe.
 59408 | Orc:2    | Bought a shiny crystal plate armour for 3071 gold pieces
 60936 | Spider:4 | Reached skill level 10 in Polearms
 61799 | Spider:4 | Got a gossamer rune of Zot
 63066 | Shoals:1 | Entered Level 1 of the Shoals
 63243 | Shoals:1 | Reached XP level 18. HP: 161/161 MP: 25/28
 63325 | Shoals:1 | Cast into level 2 of the Abyss (merfolk)
 63325 | Abyss:2  | Found a corrupted altar of Lugonu.
 63339 | Shoals:1 | Escaped the Abyss
 64235 | Shoals:2 | Noticed Nikola
 64272 | Shoals:2 | Killed Nikola
 64837 | Shoals:2 | Found Koothrule's Weapon Boutique.
 64852 | Shoals:2 | Noticed Ilsuiw
 64893 | Shoals:2 | Killed Ilsuiw
 64893 | Shoals:2 | Received a gift from Okawaru
 65061 | Shoals:2 | Noticed Polyphemus
 65112 | Shoals:2 | Killed Polyphemus
 65753 | Shoals:3 | Received a gift from Okawaru
 66215 | Shoals:3 | Reached skill level 12 in Fighting
 66637 | Shoals:4 | Entered Level 4 of the Shoals
 66637 | Shoals:4 | Found Kerazala's Jewellery Shoppe.
 66762 | Shoals:4 | Identified the Incunabulum of Igneous Lightness
 66805 | Shoals:4 | Learned a level 2 spell: Swiftness
 66860 | Shoals:4 | Received a gift from Okawaru
 67048 | Shoals:4 | Reached skill level 13 in Fighting
 67508 | Shoals:4 | Received a gift from Okawaru
 68254 | Shoals:4 | Reached skill level 14 in Fighting
 68708 | Shoals:4 | Got a barnacled rune of Zot
 68785 | Shoals:4 | Identified the Incunabulum of Attacks
 69376 | Elf:2    | Received a gift from Okawaru
 69395 | Elf:2    | Found a huge runed translucent gate.
 69395 | Elf:2    | Found a huge runed translucent gate.
 69395 | Elf:2    | Found a huge runed translucent gate.
 69395 | Elf:2    | Found a huge runed translucent gate.
 69395 | Elf:2    | Found a huge runed translucent gate.
 69829 | Elf:2    | Reached XP level 19. HP: 145/179 MP: 29/29
 70120 | Elf:2    | Cast into level 3 of the Abyss (+4 dire flail of
                  | distortion)
 70121 | Abyss:3  | Found a corrupted altar of Lugonu.
 70502 | Abyss:3  | Reached skill level 15 in Fighting
 70577 | Elf:2    | Escaped the Abyss
 71020 | Shoals:4 | Bought the amulet "Gyocih" {Reflect MR+ SH+5} for 511 gold
                  | pieces
 71254 | Elf:3    | Entered Level 3 of the Elven Halls
 71549 | Elf:3    | Identified Ruolof's Compendium of Earth and Changing
 71904 | Elf:3    | Found Vienuoch's Assorted Antiques.
 72170 | Elf:3    | Reached skill level 16 in Fighting
 73163 | Elf:3    | Identified the cursed ring "Voomor" {+Inv MR+ Int-4 Dex+3}
 73598 | Elf:3    | Identified the +1 scale mail "Gequycos" {-Cast Str+5
                  | Stlth+}
 73616 | Elf:3    | Received a gift from Okawaru
 73849 | Elf:3    | Identified the cursed +0 scale mail "Saptid" {rN+ Regen+
                  | Str+2}
 74156 | Elf:3    | Identified the +5 battleaxe "Qimozicant" {vorpal, *Slow
                  | Str+3 Dex+6}
 74450 | Elf:3    | Identified the +8 hand axe "Viotak" {flame, Fragile rF+
                  | Int+2 Dex+4}
 74831 | Elf:3    | Received a gift from Okawaru
 74860 | Elf:3    | Learned a level 5 spell: Borgnjor's Vile Clutch
 75116 | Vaults:1 | Entered Level 1 of the Vaults
 75196 | Vaults:1 | Reached skill level 1 in Earth Magic
 75216 | Vaults:1 | Received a gift from Okawaru
 75610 | Vaults:1 | Found a ruined gateway.
 75635 | Desolati | Entered the Desolation of Salt
 75734 | Desolati | Reached XP level 20. HP: 149/192 MP: 28/30
 75764 | Desolati | Reached skill level 5 in Earth Magic
 76169 | Desolati | Identified Xikiorch's Disquisition on Earth and Flight
 76171 | Desolati | Identified Utzora Ikino's Handbook of Beguiling and the
                  | Mountains
 76178 | Desolati | Got a clouded glass ring
 76185 | Desolati | Identified the ring "Sephedymar" {Wiz rN++} (You found it
                  | in the Desolation of Salt)
 76246 | Desolati | Received a gift from Okawaru
 76268 | Desolati | Identified the Compendium of Sulphur
 76274 | Desolati | Identified Sif Muna's Compendium of Frigorific Unholy Rites
 76638 | Desolati | Identified the Disquisition on the Mutagenic Mountains
 76658 | Desolati | Got a smoking copper amulet
 76662 | Desolati | Got a flickering ivory ring
 76668 | Desolati | Identified the amulet "Puehoeddakh" {Spirit Int+4 SInv}
                  | (You found it in the Desolation of Salt)
 76669 | Desolati | Identified the ring of Scepticism {Str-2 Dex+6 Stlth+} (You
                  | found it in the Desolation of Salt)
 76999 | Vaults:1 | Received a gift from Okawaru
 77155 | Vaults:1 | Reached skill level 10 in Fire Magic
 77407 | Vaults:1 | Received a gift from Okawaru
 78945 | Vaults:2 | Learned a level 6 spell: Starburst
 79688 | Vaults:2 | Got a pitted chain mail
 79689 | Vaults:2 | Identified the +0 chain mail of the Grand Wumpus {+Inv
                  | rPois MP+9} (You found it on level 2 of the Vaults)
 80451 | Vaults:2 | Received a gift from Okawaru
 80487 | Vaults:2 | Reached XP level 21. HP: 178/201 MP: 31/31
 80855 | Vaults:2 | Received a gift from Okawaru
 81008 | Vaults:2 | Found a staircase to the Crypt.
 81343 | Vaults:2 | Found the amulet of the Four Winds {rN+ MR+++ Clar}
 81351 | Vaults:2 | Got a glittering diamond amulet
 81465 | Vaults:2 | Identified the amulet "Lekkidav" {Spirit rN+ Int+3} (You
                  | found it on level 2 of the Vaults)
 81784 | Vaults:3 | Reached skill level 15 in Fire Magic
 81811 | Vaults:3 | Learned a level 8 spell: Ignition
 81981 | Vaults:3 | Received a gift from Okawaru
 82759 | Vaults:3 | Found a portal to a secret trove of treasure.
 82863 | Vaults:3 | Received a gift from Okawaru
 83359 | Vaults:3 | Reached skill level 10 in Spellcasting
 84732 | Vaults:3 | You fall into a shaft and drop 1 floor!
 85488 | Vaults:4 | Reached XP level 22. HP: 208/208 MP: 37/37
 85701 | Vaults:4 | Received a gift from Okawaru
 86066 | Vaults:4 | Got a steaming helmet
 86067 | Vaults:4 | Identified the +0 helmet "Cuompol" {rC+ Dex+3} (You found
                  | it on level 4 of the Vaults)
 86160 | Vaults:4 | Noticed Margery
 86187 | Vaults:4 | Killed Margery
 87287 | Elf:1    | Bought 2 potions of heal wounds for 130 gold pieces
 87464 | Depths:1 | Entered Level 1 of the Depths
 87532 | Depths:1 | Received a gift from Okawaru
 87815 | Depths:1 | Received a gift from Okawaru
 87826 | Depths:1 | Got a dazzling helmet {god gift}
 87827 | Depths:1 | Identified the +0 helmet of Okawaru's Envy {rC++ Dex-2}
                  | (Okawaru gifted it to you on level 1 of the Depths)
 88388 | Depths:1 | Noticed a golden dragon
 88433 | Depths:1 | Killed a golden dragon
 88606 | Depths:1 | Reached skill level 10 in Dodging
 88755 | Depths:1 | Found a gateway to Hell.
 90192 | Depths:2 | Found Yzus's Weapon Emporium.
 90794 | Depths:2 | Reached XP level 23. HP: 216/216 MP: 41/41
 90800 | Depths:2 | Received a gift from Okawaru
 91088 | Depths:2 | Noticed a juggernaut
 91100 | Depths:2 | Received a gift from Okawaru
 91932 | Depths:2 | Learned a level 6 spell: Death Channel
 92205 | Depths:2 | Received a gift from Okawaru
 92256 | Depths:2 | Killed a juggernaut
 93214 | Depths:3 | Noticed a caustic shrike
 93227 | Depths:3 | Killed a caustic shrike
 93669 | Depths:3 | Noticed a juggernaut
 93674 | Depths:3 | Killed from afar by a deep elf annihilator

Illustrated notes

Levels and vault maps discovered:
D:1:      onia_arrival_mini_maze, layout_basic
D:2:      layout_rooms, serial_forest, infiniplex_forest_lined_room_3,
          infiniplex_forest_clump_medium, infiniplex_forest_clump_curved,
          infiniplex_forest_end_double, infiniplex_forest_clump_large,
          infiniplex_forest_end_1, infiniplex_forest_clump_tiny
D:3:      layout_basic, zin_purify, dancing_weapons_uskayaw
D:4:      layout_cave_pods, nicolae_overflow_hidden_temple,
          nicolae_ossuary_entry_ruins, cheibrodos_sewer_entry_sluice,
          palyth_stone_intersect, minmay_starry_boxes
D:5:      layout_basic, old_standard_altar, temple_fountains, uniq_pikel,
          uniq_crazy_yiuf_cottage
D:6:      layout_layer_cave, nicolae_ru_the_path_less_chosen,
          grunt_temple_overflow_open, serial_shops, nicolae_shop_waterfront,
          minmay_manual_maat
D:7:      layout_rooms, lemuel_round_altar,
          hangedman_abyss_or_decor_jellyfish_corner, uniq_menkaure
D:8:      layout_cave_pools, lemuel_crystal_altar, serial_shops,
          nicolae_shop_waterfront
D:9:      layout_loops_ring, lemuel_crystal_altar, uniq_prince_ribbit1
D:10:     layout_rooms
D:11:     layout_basic, lair_entry_dummy, hiddenorc2_lemuel,
          lemuel_another_geyser
D:12:     layout_cave_pools
D:13:     layout_stronghold, enter_bailey_3, uniq_maurice
D:14:     layout_long_grid, lightli_vaults_fourway_checkpoint,
          minmay_large_rounded_square, billiards_dpeg, uniq_louise
D:15:     gammafunk_depths_entry_grave, layout_irregular_city,
          nrook_mini_vaults, chequers_mini_garden, hangedman_decor_peaks_small,
          feat_on_display
Temple:   jpeg_temple_alley_garden
Lair:1:   layout_layer_cave, patterned_corridor, grunt_megastairs_3,
          infiniplex_staircase_pool_2, uniq_fannar
Lair:2:   layout_roguey, lemuel_fruit_fields
Lair:3:   layout_small_grid, spider_nest_entry_a, uniq_urug, uniq_rupert
Lair:4:   layout_roguey, minmay_shoals_entry_beasts, portal_ice_cave_entry_imps,
          st_stairs_4, uniq_kirke
Lair:5:   layout_loops_ring, slime_altar_2, infiniplex_staircase_pool
Lair:6:   cheibrodos_lair_end_hotspot, layout_long_grid
Shoals:1: layout_shoals, nicolae_shoals_wave_tunnel
Shoals:2: layout_shoals, serial_shops, nicolae_shop_statue_plus,
          uniq_polyphemus, uniq_nikola, uniq_ilsuiw
Shoals:3: layout_shoals, nicolae_shoals_water_shrine
Shoals:4: shoals_end_grunt_garden, layout_shoals, serial_shops, shop,
          overgrown_hall
Spider:1: layout_spider_delve
Spider:2: layout_spider_delve, gammafunk_ghost_cemetery
Spider:3: layout_spider_delve, zaba_antful_of_joy, nicolae_spider_cling_halls
Spider:4: guppyfry_spider_rune
Orc:1:    cheibrodos_orc_guarddog, layout_caves, serial_shops, shop_statue,
          shop, trog_hazing_becter
Orc:2:    grunt_orc_tribal_feast, layout_caves
Elf:1:    elf_arrival_002, layout_geoelf_grid, serial_shops, shop_coins,
          nicolae_shop_stone, minmay_elf_sorcery, lemuel_blue_sif_altar
Elf:2:    layout_geoelf_octagon, serial_shops, shop, st_stairs_5
Elf:3:    minmay_elf_hall_x, layout_geoelf_octagon, serial_shops, shop
Vaults:1: vaults_room_hallway, ontoclasm_vaults_tryst, v_pattern_3,
          vaults_room_door_ring, vaults_mumra_bighexcomb, vaults_room_fours,
          ontoclasm_vaults_twist, hangedman_vaults_variations,
          nicolae_vaults_border_crossing, nicolae_vaults_three_branches,
          layout_vaults_omnigrid, portal_desolation_entry_nicolae_slug
Vaults:2: vaults_room_pools, st_hourglassy, nicolae_vaults_little_ls, v_misc_9,
          vaults_room_fours, grunt_vaults_hallway_long,
          minmay_crypt_entry_skeletal_spiral, dpeg_vaults_monster_box,
          vaults_room_boxed, v_misc_27, v_rooms_4,
          ontoclasm_vaults_decontamination, layout_vaults_omnibox
Vaults:3: nicolae_vaults_alarming, nicolae_vaults_little_squares_6,
          vaults_dpeg_spiral, vaults_dpeg_cross, vaults_mumra_hex,
          st_quartered_hall, vaults_mumra_chevron, v_misc_27, v_alt_pattern_2,
          ontoclasm_vaults_ligature, vaults_dpeg_hooks, v_misc_2, v_misc_5,
          grunt_vaults_hallway_short, ontoclasm_vaults_shuriken,
          layout_vaults_big_room, enter_trove_1
Vaults:4: vaults_room_pool, v_misc_2, hangedman_vaults_corner_blocks,
          nicolae_vaults_ring_of_whatevers, nicolae_vaults_triangles,
          nicolae_vaults_little_squares_3, v_misc_26, v_rooms_1,
          hangedman_vaults_cutoff, vaults_room_stairs_pillars, st_lines,
          vaults_dpeg_ring, grunt_vaults_hallway_long, layout_vaults_omnicross,
          uniq_margery
Depths:1: layout_gridlike, special_room [special_room_mythical_zoo],
          serial_sigils_hangedman_etch, pf_coc_iceberg, kennysheep_dice
Depths:2: angbandy_vault, layout_small_grid, serial_shops, shop, hell_entry,
          nicolae_wwwww
Depths:3: minmay_the_grid_square_5x5_4x4
          [minmay_the_grid_square_5x5_spiral_small,
          minmay_the_grid_square_5x5_three_walls,
          minmay_the_grid_square_5x5_inner_v,
          minmay_the_grid_square_5x5_inner_i, minmay_the_grid_square_5x5_tie,
          minmay_the_grid_square_5x5_prize_pseudospiral,
          minmay_the_grid_square_5x5_prize_waves,
          minmay_the_grid_square_5x5_eight, minmay_the_grid_square_5x5_lines,
          minmay_the_grid_square_5x5_prize_snowflake,
          minmay_the_grid_square_5x5_prize_deathbox,
          minmay_the_grid_square_5x5_moneybag, minmay_the_grid_square_5x5_three,
          minmay_the_grid_square_5x5_inverted_slash,
          minmay_the_grid_square_5x5_inner_z, minmay_the_grid_square_5x5_mess],
          layout_gridlike, serial_shops, nicolae_shop_stone, pan_entry,
          hell_entry, serial_bayou_lagoon_a, infiniplex_staircase_zigzag_4

Skill      XL: |  1  2  3  4  5  6  7  8  9 10 11 12 13 14 15 16 17 18 19 20 21 22 23 |
---------------+----------------------------------------------------------------------+-----
Conjurations   | 1 2 3 5 6 8 |  8.0
Air Magic      | 1 2 3 |  3.6
Poison Magic   | 1 2 3 |  3.7
Fighting       | 2 4 5 6 8 11 14 16 | 16.1
Armour         | 3 4 6 8 10 11 13 | 13.5
Dodging        | 2 3 5 8 9 11 13 | 13.0
Spellcasting   | 4 6 7 11 14 | 14.6
Fire Magic     | 4 5 6 8 14 15 | 15.0
Unarmed Combat | 3 |  3.0
Long Blades    | 3 5 |  5.0
Invocations    | 2 5 7 |  7.7
Short Blades   | 3 8 |  8.0
Necromancy     | 2 7 9 |  9.0
Shields        | 4 |  4.6
Ice Magic      | 5 7 |  7.9
Polearms       | 7 11 12 | 12.7
Slings         | 4 10 | 10.1
Earth Magic    | 4 8 |  8.1
Stealth        | |  1.2
Summonings     | |  0.7
Translocations | |  1.0

Action                   |  1- 3 |  4- 6 |  7- 9 | 10-12 | 13-15 | 16-18 | 19-21 | 22-24 || total
-------------------------+-------+-------+-------+-------+-------+-------+-------+-------++-------
Melee: Dagger            |    80 |       |       |       |       |       |       |       ||    80
       Tailslap          |    10 |     9 |    23 |    83 |   352 |   286 |   351 |   197 ||  1311
       Spear             |     5 |   156 |    15 |       |       |       |       |       ||   176
       Trident           |       |       |   247 |   138 |       |       |       |       ||   385
       Falchion          |       |       |       |   367 |   297 |       |       |       ||   664
       Punch             |       |       |       |    10 |    19 |       |       |       ||    29
       Quick blade       |       |       |       |       |  1183 |   581 |       |       ||  1764
       Demon trident     |       |       |       |       |       |  1154 |  1827 |   899 ||  3880
 Fire: Fustibalus        |       |       |       |       |       |   205 |    85 |    25 ||   315
Throw: Dart              |       |       |       |       |     1 |       |       |       ||     1
 Cast: Magic Dart        |    52 |   118 |   197 |   191 |    80 |     9 |       |       ||   647
       Call Imp          |       |    30 |    10 |     4 |       |       |       |       ||    44
       Conjure Flame     |       |     4 |    26 |    30 |    10 |     1 |       |       ||    71
       Mephitic Cloud    |       |     1 |    34 |    74 |   108 |   128 |     4 |     2 ||   351
       Blink             |       |       |     2 |     5 |    34 |    19 |     7 |       ||    67
       Sticky Flame      |       |       |     6 |    33 |   187 |    82 |       |       ||   308
       Fireball          |       |       |       |    39 |   169 |    38 |     1 |       ||   247
       Animate Dead      |       |       |       |       |     2 |     7 |       |     4 ||    13
       Borgnjor's Vile C |       |       |       |       |       |       |    29 |    36 ||    65
       Starburst         |       |       |       |       |       |       |     6 |       ||     6
       Death Channel     |       |       |       |       |       |       |       |     5 ||     5
       Ignition          |       |       |       |       |       |       |       |     2 ||     2
Invok: Heroism           |       |       |       |     3 |     6 |    53 |    58 |    29 ||   149
       Finesse           |       |       |       |       |     1 |     2 |    10 |     5 ||    18
 Abil: Rolling Charge    |       |       |       |       |     1 |       |       |       ||     1
Evoke: Wand              |       |       |    25 |    17 |    18 |    14 |       |     1 ||    75
       Condenser vane    |       |       |       |       |     3 |     9 |     5 |     4 ||    21
       Phial of floods   |       |       |       |       |       |       |     4 |     1 ||     5
  Use: Scroll            |       |     6 |    14 |    16 |    32 |    13 |    17 |     4 ||   102
       Potion            |       |     9 |       |     4 |     7 |     4 |     7 |     4 ||    35
 Stab: Sleeping          |     1 |       |     1 |     2 |     1 |     3 |    14 |     4 ||    26
       Confused          |       |       |     3 |    12 |    37 |    72 |     6 |     1 ||   131
       Paralysed         |       |       |    14 |       |       |       |       |       ||    14
       Distracted        |       |       |     1 |       |     1 |     1 |     6 |     4 ||    13
       Held in net/web   |       |       |       |       |       |     2 |       |       ||     2
       Petrifying        |       |       |       |       |       |     2 |       |       ||     2
       Petrified         |       |       |       |       |       |     2 |       |       ||     2
Armor: Robe              |    37 |    55 |    77 |    32 |       |       |       |       ||   201
       Skin              |       |    44 |       |       |       |       |       |       ||    44
       Leather armour    |       |       |       |   212 |   588 |   901 |   376 |   205 ||  2282
Dodge: Dodged            |    71 |    72 |   147 |   321 |   729 |   913 |   443 |   284 ||  2980
Block: Buckler           |       |       |       |       |    33 |   500 |   667 |   319 ||  1519
       Reflection        |       |       |       |       |       |       |    65 |    24 ||    89
       Rpst.: Falchion   |       |       |       |    60 |    65 |       |       |       ||   125

Table legend: (Time is in decaauts)
 A = Elapsed time spent in this place.
 B = Non-inter-level travel time spent in this place.
 C = Inter-level travel time spent in this place.
 D = Time resting spent in this place.
 E = Time spent auto-exploring this place.
 F = Levels seen in this place.
 G = Mean time per level.
                   A        B        C        D        E       F      G
               +--------+--------+--------+--------+--------+-----+--------+
         Total |  91721 |  85410 |   6311 |  31651 |  35855 |  48 | 1910.9 |
       Dungeon |  31636 |  28783 |   2853 |  10063 |  13091 |  15 | 2109.1 |
        Temple |    229 |    192 |     37 |      0 |    192 |   1 |  229.0 |
          Lair |  13160 |  11467 |   1693 |   4259 |   5180 |   6 | 2193.3 |
        Shoals |   6110 |   5702 |    408 |   1847 |   2560 |   4 | 1527.5 |
   Spider Nest |   7846 |   7456 |    390 |   3741 |   1979 |   4 | 1961.5 |
  Orcish Mines |   4765 |   4482 |    283 |   2033 |   1587 |   2 | 2382.5 |
   Elven Halls |   6899 |   6563 |    336 |   2270 |   2747 |   3 | 2299.7 |
        Vaults |  10460 |  10191 |    269 |   3163 |   5301 |   4 | 2615.0 |
        Depths |   5908 |   5869 |     39 |   2088 |   2561 |   3 | 1969.3 |
         Abyss |    436 |    436 |      0 |      0 |    162 |   2 |  218.0 |
       Ossuary |   1677 |   1677 |      0 |   1086 |     98 |   1 | 1677.0 |
        Bailey |    829 |    829 |      0 |    363 |    260 |   1 |  829.0 |
      Ice Cave |    816 |    816 |      0 |    294 |     97 |   1 |  816.0 |
    Desolation |    945 |    945 |      0 |    443 |     38 |   1 |  945.0 |
               +--------+--------+--------+--------+--------+-----+--------+

Top non-repeatable levels by time:
    D:14: 5384 daAuts
    D:11: 3713 daAuts
Depths:2: 3677 daAuts
Vaults:3: 3446 daAuts
   Elf:3: 3337 daAuts
Spider:3: 3142 daAuts
   Orc:2: 3112 daAuts
    D:13: 2929 daAuts
Vaults:1: 2845 daAuts
  Lair:5: 2396 daAuts
     D:6: 2386 daAuts
   Elf:1: 2309 daAuts
Vaults:2: 2300 daAuts
  Lair:4: 2300 daAuts
  Lair:2: 2231 daAuts
